 Dungeon Crawl Stone Soup version 0.28-a0-881-gae16bb6c82 (webtiles) character file.

Game seed: 2725026658809347897

352 Gargoyl the Skirmisher (level 6, 0/53 HPs)
             Began as a Gnoll Abyssal Knight on Nov 21, 2021.
             Was a Believer of Lugonu.
             Slain by an orc wizard (2 damage)
             ... on level 3 of the Dungeon.
             The game lasted 00:04:13 (3699 turns).

Gargoyl the Skirmisher (Gnoll Abyssal Knight)       Turns: 3699, Time: 00:04:14

Health: 0/53       AC:  8    Str: 14    XL:     6   Next: 61%
Magic:  9/9        EV: 11    Int: 10    God:    Lugonu [**....]
Gold:   135        SH:  0    Dex: 12    Spells: 9/9 levels left

rFire   . . .      SeeInvis .   i - +3 quarterstaff (chaos)
rCold   . . .      Faith    .   (shield currently unavailable)
rNeg    . . .      Spirit   .   e - +0 ring mail
rPois   .          Reflect  .   j - +0 helmet
rElec   .          Harm     .   h - +0 cloak
rCorr   .          Rampage  .   (no gloves)
Will    .....                   (no boots)
Stlth   +.........              (no amulet)
HPRegen 0.17/turn               (no ring)
MPRegen 0.11/turn               (no ring)

@: no status effects
A: fangs 1, strong nose, distributed training
a: Renounce Religion, Depart the Abyss, Bend Space


You were on level 3 of the Dungeon.
You worshipped Lugonu.
Lugonu was pleased with you.
You visited 1 branch of the dungeon, and saw 3 of its levels.
You visited the Abyss 1 time.

You collected 135 gold pieces.

Inventory:

Hand Weapons
 a - a +1 hand axe
 i - a +3 quarterstaff of chaos (weapon)
Armour
 e - a +0 ring mail (worn)
 h - a +0 cloak (worn)
 j - a +0 helmet (worn)
Scrolls
 b - a scroll of identify
 d - a scroll of magic mapping
 g - a scroll of noise {unknown}
Potions
 c - a potion of brilliance
 f - 2 potions of attraction


   Skills:
 + Level 6.8 Fighting
 + Level 2.0 Short Blades
 + Level 2.0 Long Blades
 + Level 5.0 Axes
 + Level 2.0 Maces & Flails
 + Level 2.0 Polearms
 + Level 2.0 Staves
 + Level 2.0 Slings
 + Level 2.0 Bows
 + Level 2.0 Crossbows
 + Level 2.0 Throwing
 + Level 5.0 Armour
 + Level 3.3 Dodging
 + Level 2.0 Stealth
 + Level 2.0 Shields
 + Level 2.0 Unarmed Combat
 + Level 2.0 Spellcasting
 + Level 1.6 Conjurations
 + Level 1.6 Hexes
 + Level 1.6 Summonings
 + Level 1.6 Necromancy
 + Level 1.6 Translocations
 + Level 1.6 Transmutations
 + Level 1.6 Fire Magic
 + Level 1.6 Ice Magic
 + Level 1.6 Air Magic
 + Level 1.6 Earth Magic
 + Level 1.6 Poison Magic
 + Level 5.1 Invocations
 + Level 2.0 Evocations


You had 9 spell levels left.
You didn't know any spells.
Your spell library was empty.

Dungeon Overview and Level Annotations

Branches:
Dungeon (3/15)

Altars:

Shops:
D:3 [


Innate Abilities, Weirdness & Mutations

You have very sharp teeth.
Your uncanny sense of smell can sniff out nearby items.
Your experience applies equally to all skills.


Message History

Unknown command.
It was a potion of attraction.
You feel attractive to monsters.
Something hits you but does no damage. x2
Unknown command.
It was a potion of cancellation.
Your magical effects are unravelling.
You feel magically purged.
You feel less confused.
You hear some strange, mumbled words.
Something tries to affect you, but you resist.
Something hits you.
* * * LOW HITPOINT WARNING * * *
You feel less attractive to monsters.
You miss something. Something hits you but does no damage. Something hits you.
* * * LOW HITPOINT WARNING * * *
Unknown command.
You sock something! You freeze something.
Something hits you but does no damage.
You hear some strange, mumbled words.
A puff of flame appears from out of thin air!
The puff of flame hits you!
* * * LOW HITPOINT WARNING * * *
Unknown command.
You hit something.
You feel better. Something hits you.
* * * LOW HITPOINT WARNING * * *
Something hits you but does no damage.
Unknown command.
You sock something! You burn something. Lugonu accepts your kill.
Reactivating autopickup.
You feel a bit more experienced. Something hits you.
* * * LOW HITPOINT WARNING * * *
Deactivating autopickup; reactivate with Ctrl-A.
You hear some strange, mumbled words.
A magic dart appears from out of thin air!
The magic dart hits you but does no damage.
Unknown command.
You miss something. You bite something. Something hits you.
You die...

(.## ##..#.##
#####..## ##..##.###
....... #..........
#...## ##..##.....
#....###..#####..#
######...#..........#
........###...#####.#
####.#...#{...#
#....)@....#
########...# #####


There were no monsters in sight!

Vanquished Creatures
  An iron imp (Abyss:1)
  An orc priest (D:2)
  Crazy Yiuf (D:2)
  Natasha (thrice) (D:2)
  2 orc wizards (D:3)
  6 adders
  7 orcs
  8 endoplasms
  4 giant cockroaches
  7 goblins
  2 hobgoblins
  12 jackals
  5 kobolds
  4 quokkas (D:2)
  3 ball pythons
  4 bats
  4 frilled lizards
  2 rats (D:1)
76 creatures vanquished.

Vanquished Creatures (others)
  A fungus (D:2)
1 creature vanquished.

Grand Total: 77 creatures vanquished

Notes
Turn   | Place    | Note
-------+----------+-------------------------------------------
     0 | Abyss:1  | Gargoyl the Gnoll Abyssal Knight began the quest for the
                  | Orb.
     0 | Abyss:1  | Reached XP level 1. HP: 23/23 MP: 3/3
     6 | Abyss:1  | Found a hide-covered altar of Uskayaw.
     9 | Abyss:1  | Noticed an iron imp
    23 | Abyss:1  | Killed an iron imp
    24 | Abyss:1  | Reached XP level 2. HP: 5/29 MP: 5/5
    24 | Abyss:1  | Reached XP level 3. HP: 7/35 MP: 6/6
   321 | Abyss:1  | Noticed a starcursed mass
   324 | Abyss:1  | Noticed a cacodemon
   329 | D:1      | Escaped the Abyss
   579 | D:1      | Reached * piety under Lugonu
   969 | D:1      | Reached skill level 1 in Short Blades
   969 | D:1      | Reached skill level 1 in Long Blades
   969 | D:1      | Reached skill level 1 in Maces & Flails
   969 | D:1      | Reached skill level 1 in Polearms
   969 | D:1      | Reached skill level 1 in Staves
   969 | D:1      | Reached skill level 1 in Slings
   969 | D:1      | Reached skill level 1 in Bows
   969 | D:1      | Reached skill level 1 in Crossbows
   969 | D:1      | Reached skill level 1 in Throwing
   969 | D:1      | Reached skill level 1 in Stealth
   969 | D:1      | Reached skill level 1 in Shields
   969 | D:1      | Reached skill level 1 in Unarmed Combat
   969 | D:1      | Reached skill level 1 in Spellcasting
   969 | D:1      | Reached skill level 1 in Evocations
  1264 | D:2      | Reached XP level 4. HP: 35/41 MP: 7/7
  1668 | D:2      | Found a faded altar of an unknown god.
  1694 | D:2      | Reached skill level 1 in Conjurations
  1694 | D:2      | Reached skill level 1 in Hexes
  1694 | D:2      | Reached skill level 1 in Summonings
  1694 | D:2      | Reached skill level 1 in Necromancy
  1694 | D:2      | Reached skill level 1 in Translocations
  1694 | D:2      | Reached skill level 1 in Transmutations
  1694 | D:2      | Reached skill level 1 in Fire Magic
  1694 | D:2      | Reached skill level 1 in Ice Magic
  1694 | D:2      | Reached skill level 1 in Air Magic
  1694 | D:2      | Reached skill level 1 in Earth Magic
  1694 | D:2      | Reached skill level 1 in Poison Magic
  1770 | D:2      | Noticed Natasha
  1791 | D:2      | Killed Natasha
  1792 | D:2      | Reached XP level 5. HP: 13/47 MP: 8/8
  2071 | D:2      | Found a runed translucent door.
  2072 | D:2      | Noticed Crazy Yiuf
  2130 | D:2      | Noticed Natasha
  2141 | D:2      | Killed Natasha
  2616 | D:2      | Noticed Natasha
  2635 | D:2      | Killed Crazy Yiuf
  2635 | D:2      | Reached ** piety under Lugonu
  2866 | D:2      | Killed Natasha
  2867 | D:2      | Reached skill level 5 in Invocations
  3284 | D:2      | Reached XP level 6. HP: 37/53 MP: 9/9
  3520 | D:3      | Found Tebacwa's Armour Emporium.
  3576 | D:3      | Reached skill level 5 in Axes
  3576 | D:3      | Reached skill level 5 in Armour
  3698 | D:3      | HP: 2/53 [something (3)]
  3699 | D:3      | Slain by an orc wizard

Illustrated notes

Levels and vault maps discovered:
D:1:      lemuel_arrival_broad_hall, layout_basic
D:2:      minmay_evil_eye, layout_rooms, dreamdust_ecumenical_altar_grove,
          minmay_pentomino_t4, uniq_natasha, uniq_crazy_yiuf_cottage
D:3:      layout_loops_ring, serial_shops, nicolae_shop_hallway_plus,
          gup_sewer_entry_pipe, nicolae_figureground_pulse

Skill      XL: |  1  2  3  4  5  6 |
---------------+-------------------+-----
Short Blades   | 1 2 |  2.0
Long Blades    | 1 2 |  2.0
Maces & Flails | 1 2 |  2.0
Polearms       | 1 2 |  2.0
Staves         | 1 2 |  2.0
Slings         | 1 2 |  2.0
Bows           | 1 2 |  2.0
Crossbows      | 1 2 |  2.0
Throwing       | 1 2 |  2.0
Stealth        | 1 2 |  2.0
Shields        | 1 2 |  2.0
Unarmed Combat | 1 2 |  2.0
Spellcasting   | 1 2 |  2.0
Evocations     | 1 2 |  2.0
Conjurations   | 1 |  1.6
Hexes          | 1 |  1.6
Summonings     | 1 |  1.6
Necromancy     | 1 |  1.6
Translocations | 1 |  1.6
Transmutations | 1 |  1.6
Fire Magic     | 1 |  1.6
Ice Magic      | 1 |  1.6
Air Magic      | 1 |  1.6
Earth Magic    | 1 |  1.6
Poison Magic   | 1 |  1.6
Dodging        | 3 |  3.3
Invocations    | 5 |  5.1
Axes           | 5 |  5.0
Armour         | 5 |  5.0
Fighting       | |  6.8

Action                   |  1- 3 |  4- 6 || total
-------------------------+-------+-------++-------
Melee: Hand axe          |    85 |    89 ||   174
       Bite              |     8 |    18 ||    26
       Punch             |       |     1 ||     1
       Dagger            |       |    35 ||    35
       Quarterstaff      |       |    77 ||    77
Invok: Depart the Abyss  |     1 |       ||     1
  Use: Scroll            |     1 |     5 ||     6
       Potion            |     1 |     2 ||     3
 Stab: Sleeping          |     1 |       ||     1
Armor: Leather armour    |    24 |    21 ||    45
       Ring mail         |       |    60 ||    60
Dodge: Dodged            |    62 |   113 ||   175

Table legend: (Time is in decaauts)
 A = Elapsed time spent in this place.
 B = Non-inter-level travel time spent in this place.
 C = Inter-level travel time spent in this place.
 D = Time resting spent in this place.
 E = Time spent auto-exploring this place.
 F = Levels seen in this place.
 G = Mean time per level.
                   A        B        C        D        E       F      G
               +--------+--------+--------+--------+--------+-----+--------+
         Total |   3731 |   3661 |     70 |    816 |   2108 |   4 |  932.8 |
       Dungeon |   3401 |   3331 |     70 |    816 |   1807 |   3 | 1133.7 |
         Abyss |    329 |    329 |      0 |      0 |    301 |   1 |  329.0 |
               +--------+--------+--------+--------+--------+-----+--------+

Top non-repeatable levels by time:
     D:2: 2085 daAuts
     D:1: 932 daAuts
     D:3: 384 daAuts
 Abyss:1: 329 daAuts
